 Dungeon Crawl Stone Soup version 0.30-a0-223-gcb0039aa0c (webtiles) character file.

Game seed: 14585658881335101924

44259 qw the Cleaver (level 14, -13/90 HPs)
             Began as a Gargoyle Fighter on Oct 9, 2022.
             Was a High Priest of Okawaru.
             Killed from afar by a deep elf sorcerer (28 damage)
             ... with a bolt of acid
             ... on level 1 of the Abyss.
             The game lasted 00:07:47 (15283 turns).

qw the Cleaver (Gargoyle Fighter)                  Turns: 15283, Time: 00:07:48

Health: -13/90     AC: 40    Str: 32    XL:     14   Next: 27%
Magic:  21/21      EV: 10    Int:  8    God:    Okawaru [*****.]
Gold:   872        SH: 13    Dex:  9    Spells: 13/13 levels left

rFire   . . .      SeeInvis .    Y - +3 war axe (freeze)
rCold   . . .      Faith    .    s - +0 kite shield
rNeg    + . .      Spirit   .    b - +0 plate armour
rPois   inf        Reflect  .    f - +0 helmet
rElec   +          Harm     .    k - +0 cloak
rCorr   .          Rampage  .    c - +2 pair of gloves of the Arcane {rPois}
Will    +....                    w - +0 pair of boots
Stlth   ..........               t - amulet of regeneration
HPRegen 1.15/turn                n - +6 ring of strength
MPRegen 0.17/turn                l - +4 ring of protection

@: about to teleport, heroic, flying
A: sickness immunity, AC +10, big wings, negative energy resistance 1,
electricity resistance, torment resistance 1, petrification resistance
a: Renounce Religion, Heroism, Finesse, Duel


You were on level 1 of the Abyss.
You worshipped Okawaru.
Okawaru was extremely pleased with you.
You visited 3 branches of the dungeon, and saw 16 of its levels.
You visited the Abyss 1 time.

You collected 872 gold pieces.


Innate Abilities, Weirdness & Mutations

You are immune to sickness and miasma.
Your stone body is resilient. (AC +10)
You are immune to poison.
Your large and strong wings let you fly.
You resist negative energy. (rN+)
You are resistant to electric shocks. (rElec)
You are resistant to unholy torment.
You are immune to petrification.


   Skills:
 - Level 11.0(16.0) Fighting
 - Level 14.0(19.0) Axes
 - Level 1.4(6.4) Throwing
 + Level 10.8(15.8) Armour
 - Level 2.0(7.0) Dodging
 - Level 12.0(17.0) Shields
 - Level 10.1 Invocations


You had 13 spell levels left.
You didn't know any spells.
Your spell library was empty.

Inventory:

Hand Weapons
 j - a +0 morningstar
 Y - a +3 war axe of freezing (weapon)
Armour
 b - a +0 plate armour (worn)
 c - the +2 pair of gloves of the Arcane (worn) {rPois}
   (Okawaru gifted it to you on level 3 of the Lair of Beasts)

   rPois:     It protects you from poison.
 f - a +0 helmet (worn)
 k - a +0 cloak (worn)
 o - a +4 ring mail of cold resistance
 s - a +0 kite shield (worn)
 w - a +0 pair of boots (worn)
Jewellery
 i - a ring of resist corrosion
 l - a +4 ring of protection (right hand)
 n - a +6 ring of strength (left hand)
 t - an amulet of regeneration (around neck)
Scrolls
 g - 5 scrolls of teleportation
 h - 8 scrolls of identify
Potions
 a - 3 potions of cancellation
 d - 4 potions of might
 e - 3 potions of curing
 p - 2 potions of resistance
 q - 2 potions of haste
 r - 2 potions of attraction
 u - a potion of lignification
 v - a potion of mutation
 z - a potion of magic

Dungeon Overview and Level Annotations

Branches:
Dungeon (11/15)            Temple (1/1) D:4            Lair (4/5) D:11
 Shoals (0/4) Lair:2        Snake (0/4) Lair:2          Orc (0/2) D:11
  Slime: Lair:4-5

Altars:
Ashenzari
Cheibriados
Dithmenos
Elyvilon
Fedhas
Gozag
Hepliaklqana
Kikubaaqudgha
Makhleb
Nemelex Xobeh
Okawaru
Qazlal
Ru
Sif Muna
Trog
Uskayaw
Vehumet
Wu Jian
Xom
Yredelemnul
Zin
The Shining One

Shops:
D:7 :

Annotations:
Lair:2 1 runed translucent door, qw's ghost, journeyman GrFi
Lair:4 Sonja


Message History

You barely miss the smoke demon.
The smoke demon is almost dead.
You are engulfed in a cloud of scalding steam.
You block the smoke demon's attack.
The smoke demon hits you but does no damage.
You block the smoke demon's attack.
You barely miss the smoke demon.
The smoke demon is almost dead.
The smoke demon gestures at you. The sticky flame hits you!
You are covered in liquid flames!
You closely miss the smoke demon.
The smoke demon is almost dead.
You are covered in liquid flames!
The smoke demon hits you but does no damage.
You block the smoke demon's attack.
The smoke demon hits you but does no damage.
You slash the smoke demon! You freeze the smoke demon.
You kill the smoke demon!
Okawaru accepts your kill.
You are covered in liquid flames!
You are no longer on fire.
You hit the ufetubus.
The ufetubus is lightly wounded.
You block the ufetubus's attack. x2
You slash the ufetubus! You freeze the ufetubus.
You kill the ufetubus!
Okawaru accepts your kill.
You are suddenly pulled into a different region of the Abyss!
The deep elf sorcerer is no longer moving quickly.
The deep elf sorcerer points at you and mumbles some strange words.
The bolt of acid hits you!!!
Ouch! That really hurt!
15283 ||| READING 6 scrolls of teleportation.
As you read the scroll of teleportation, it crumbles to dust.
You feel strangely unstable.
You feel the power of the Abyss delaying your translocation!
The deep elf sorcerer gestures at you while chanting.
The bolt of acid hits you!!
You die...

....... #.
....... .#.#
...... ..#
#.... ..# .
##...###..# #
..#.....#...#..
...............
............#.#
.......@.....#
..#....e#...##
##...###..#
#.... ....
...... .#..
....... . #
....... .#
..#....


You could see a deep elf sorcerer.

Vanquished Creatures
  A draconian annihilator (Abyss:1)
  An eidolon (Abyss:1)
  2 hydras (Lair:2)
  2 boulder beetles
  9 death yaks
  A two-headed ogre (D:9)
  2 thrashing horrors (Abyss:1)
  Nergalle (Lair:2)
  A worldbinder (Abyss:1)
  A merfolk siren (Lair:2)
  12 elephants
  5 black mambas
  A rust devil (Abyss:1)
  5 cane toads
  Maggie (D:7)
  2 torpor snails (Lair:1)
  2 smoke demons (Abyss:1)
  A rime drake (Lair:2)
  10 komodo dragons
  2 orange demons (Abyss:1)
  An unseen horror (D:10)
  2 efreet (Abyss:1)
  An ancient zyme (Abyss:1)
  An ice devil (Abyss:1)
  A polar bear (Lair:2)
  3 trolls
  3 raiju (Abyss:1)
  6 small abominations (Abyss:1)
  6 blink frogs (Lair:4)
  2 dream sheep (Lair:1)
  3 large abominations (Abyss:1)
  2 vampires
  4 wyverns
  A spriggan (Lair:2)
  A shadow (D:9)
  A ynoxinul (Abyss:1)
  27 yaks
  2 chaos spawn (Abyss:1)
  A vampire mosquito (D:7)
  3 basilisks (Lair:1)
  2 steam dragons
  Duvessa (D:7)
  22 water moccasins
  2 sky beasts
  6 black bears
  An ice beast (D:7)
  6 orc warriors
  2 ogres
  3 centaurs
  3 wolves (Lair:2)
  6 starcursed masses (Abyss:1)
  A phantom (D:7)
  4 kobold brigands
  11 bullfrogs
  A necrophage (D:6)
  2 scorpions
  2 gnoll sergeants
  5 wights
  Dowan (D:7)
  15 killer bees
  An electric eel (D:6)
  4 howler monkeys
  5 hounds
  2 jellies
  An iron imp (Abyss:1)
  A gnoll bouda (D:9)
  4 orc wizards
  4 iguanas
  14 gnolls
  5 adders
  2 shadow imps (D:5)
  5 white imps
  3 ufetubi
  A worm (D:4)
  A dart slug (D:3)
  31 orcs
  5 bats
  6 endoplasms
  2 giant cockroaches
  13 goblins
  4 hobgoblins
  4 jackals (D:1)
  28 kobolds
  5 quokkas
  7 ball pythons
  6 frilled lizards
  9 rats
402 creatures vanquished.

Vanquished Creatures (others)
  26 fungi
  40 plants
66 creatures vanquished.

Grand Total: 468 creatures vanquished

Notes
Turn   | Place    | Note
-------+----------+-------------------------------------------
     0 | D:1      | qw the Gargoyle Fighter began the quest for the Orb.
     0 | D:1      | Reached XP level 1. HP: 14/14 MP: 1/1
     0 | D:1      | 0 ||| qw: Version: 0.2-a-17-g06abaee
     0 | D:1      | 0 ||| qw: Game counter: 2174
     0 | D:1      | 0 ||| qw: Always use a shield: true
     0 | D:1      | 0 ||| qw: God list: Okawaru
     0 | D:1      | 0 ||| qw: Allow faded altars: false
     0 | D:1      | 0 ||| qw: Do Orc after D:15 true
     0 | D:1      | 0 ||| qw: Do second Lair branch before Depths: true
     0 | D:1      | 0 ||| qw: Lair rune preference: random
     0 | D:1      | 0 ||| qw: Plans: Normal, Zot:1-4, God:TSO, Crypt, Tomb,
                  | Pan, Slime:5, Hells, Abyss, Orb
     0 | D:1      | 0 ||| PLANNING D:1-11
     4 | D:1      | Found a faded altar of an unknown god.
    26 | D:1      | Reached skill level 2 in Axes
    39 | D:1      | 39 ||| Stepping ~*~*~tactically~*~*~ (stealth).
    45 | D:1      | 45 ||| Stepping ~*~*~tactically~*~*~ (stealth).
   123 | D:1      | Reached XP level 2. HP: 19/19 MP: 2/2
   132 | D:1      | 132 ||| DROPPING +0 club.
   253 | D:1      | 253 ||| Stepping ~*~*~tactically~*~*~ (stealth).
   255 | D:1      | 255 ||| Stepping ~*~*~tactically~*~*~ (stealth).
   405 | D:1      | Reached skill level 3 in Axes
   488 | D:1      | Reached XP level 3. HP: 21/23 MP: 3/3
   709 | D:1      | 709 ||| UPGRADING to +0 cloak.
   714 | D:1      | 714 ||| READING scroll labelled XUSIWO HALIAQE.
   717 | D:1      | 717 ||| READING scroll labelled NAQEYT YJOVUOLL.
   718 | D:1      | 718 ||| READING 2 scrolls labelled CEVEEM CYIXT.
   719 | D:1      | 719 ||| READING scroll labelled LUF CUICZOGIY.
   780 | D:2      | 780 ||| FLEEEEING.
   781 | D:2      | 781 ||| FLEEEEING.
   784 | D:2      | 784 ||| FLEEEEING.
   785 | D:2      | 785 ||| FLEEEEING.
   786 | D:2      | 786 ||| FLEEEEING.
   787 | D:2      | 787 ||| FLEEEEING.
  1012 | D:2      | 1012 ||| Stepping ~*~*~tactically~*~*~ (hiding).
  1020 | D:2      | HP: 5/23 [gnoll/+0 halberd (13)]
  1105 | D:2      | Reached XP level 4. HP: 20/28 MP: 4/4
  1299 | D:2      | Reached skill level 4 in Axes
  1563 | D:2      | 1563 ||| READING scroll labelled ONIDOFIFUH.
  1564 | D:2      | 1564 ||| READING 2 scrolls of identify.
  1564 | D:2      | 1564 ||| IDENTIFYING smoky dark potion
  1565 | D:2      | 1565 ||| DROPPING potion of degeneration.
  1674 | D:3      | 1674 ||| FLEEEEING.
  1797 | D:3      | 1797 ||| Stepping ~*~*~tactically~*~*~ (stealth).
  1799 | D:3      | 1799 ||| Stepping ~*~*~tactically~*~*~ (stealth).
  2068 | D:3      | 2068 ||| Stepping ~*~*~tactically~*~*~ (stealth).
  2069 | D:3      | 2069 ||| Stepping ~*~*~tactically~*~*~ (stealth).
  2487 | D:3      | 2487 ||| UPGRADING to ring of resist corrosion.
  2488 | D:3      | 2488 ||| READING scroll labelled YKUCU DOERIEGH.
  2489 | D:3      | 2489 ||| READING 3 scrolls of identify.
  2489 | D:3      | 2489 ||| IDENTIFYING coppery potion
  2490 | D:3      | 2490 ||| READING 2 scrolls of identify.
  2490 | D:3      | 2490 ||| IDENTIFYING white potion
  2491 | D:3      | 2491 ||| DROPPING potion of magic.
  2510 | D:4      | Noticed a black bear
  2519 | D:4      | Killed a black bear
  2520 | D:4      | Reached skill level 5 in Axes
  2520 | D:4      | Reached XP level 5. HP: 12/32 MP: 5/5
  2619 | D:4      | Noticed a black bear
  2627 | D:4      | Killed a black bear
  2628 | D:4      | Reached XP level 6. HP: 39/39 MP: 6/6
  2633 | D:4      | Found a staircase to the Ecumenical Temple.
  2635 | D:4      | 2635 ||| PLANNING TEMPLE
  2676 | Temple   | Entered the Ecumenical Temple
  2689 | Temple   | 2689 ||| PLANNING D:1-11
  2786 | D:4      | Reached skill level 1 in Dodging
  2818 | D:4      | 2818 ||| FLEEEEING.
  2819 | D:4      | 2819 ||| FLEEEEING.
  2820 | D:4      | 2820 ||| FLEEEEING.
  2821 | D:4      | 2821 ||| FLEEEEING.
  2822 | D:4      | 2822 ||| FLEEEEING.
  2865 | D:4      | 2865 ||| FLEEEEING.
  2866 | D:4      | 2866 ||| FLEEEEING.
  2867 | D:4      | 2867 ||| FLEEEEING.
  2868 | D:4      | 2868 ||| FLEEEEING.
  2869 | D:4      | 2869 ||| FLEEEEING.
  2870 | D:4      | 2870 ||| FLEEEEING.
  2871 | D:4      | 2871 ||| FLEEEEING.
  2872 | D:4      | 2872 ||| FLEEEEING.
  2873 | D:4      | 2873 ||| FLEEEEING.
  2878 | D:4      | 2878 ||| FLEEEEING.
  2879 | D:4      | 2879 ||| FLEEEEING.
  3369 | D:4      | Reached skill level 6 in Axes
  3369 | D:4      | Reached XP level 7. HP: 12/44 MP: 7/7
  3701 | D:4      | 3701 ||| UPGRADING to +0 pair of gloves.
  3706 | D:4      | 3706 ||| READING scroll labelled OWIOQI ICARCH.
  3707 | D:4      | 3707 ||| READING 2 scrolls of identify.
  3707 | D:4      | 3707 ||| IDENTIFYING brown potion
  3708 | D:4      | 3708 ||| DROPPING potion of flight.
  3728 | D:5      | Entered Level 5 of the Dungeon
  3841 | D:5      | 3841 ||| Stepping ~*~*~tactically~*~*~ (hiding).
  3972 | D:5      | 3972 ||| Stepping ~*~*~tactically~*~*~ (stealth).
  4064 | D:5      | Reached skill level 7 in Axes
  4214 | D:5      | 4214 ||| Stepping ~*~*~tactically~*~*~ (stealth).
  4215 | D:5      | 4215 ||| Stepping ~*~*~tactically~*~*~ (stealth).
  4444 | D:5      | 4444 ||| UPGRADING to +0 helmet.
  4449 | D:5      | 4449 ||| UPGRADING to +0 chain mail.
  4459 | D:5      | 4459 ||| DROPPING +0 scale mail.
  4460 | D:5      | 4460 ||| READING 4 scrolls of identify.
  4460 | D:5      | 4460 ||| IDENTIFYING fuming ruby potion
  4461 | D:5      | 4461 ||| READING 3 scrolls of identify.
  4461 | D:5      | 4461 ||| IDENTIFYING sedimented golden potion
  4462 | D:5      | 4462 ||| DROPPING potion of ambrosia.
  4624 | D:6      | 4624 ||| Stepping ~*~*~tactically~*~*~ (stealth).
  4626 | D:6      | 4626 ||| Stepping ~*~*~tactically~*~*~ (hiding).
  4627 | D:6      | 4627 ||| Stepping ~*~*~tactically~*~*~ (hiding).
  4637 | D:6      | HP: 9/44 [orc warrior/+0 trident (4)]
  4638 | D:6      | 4638 ||| READING 5 scrolls of teleportation.
  4640 | D:6      | HP: 2/44 [orc warrior/+0 trident (4)]
  4642 | D:6      | 4642 ||| READING 4 scrolls of teleportation.
  4817 | D:6      | Reached XP level 8. HP: 50/50 MP: 8/8
  5218 | D:6      | HP: 10/50 [orc warrior/+0 trident (10)]
  5219 | D:6      | 5219 ||| READING 3 scrolls of teleportation.
  5270 | D:6      | HP: 10/50 [orc warrior/+0 trident (3)]
  5271 | D:6      | 5271 ||| READING 2 scrolls of teleportation.
  5617 | D:6      | Found a bloodstained altar of Trog.
  5631 | D:6      | Found a shadowy altar of Dithmenos.
  5632 | D:6      | Found a glowing golden altar of the Shining One.
  5632 | D:6      | Found a burning altar of Makhleb.
  5634 | D:6      | Found a broken altar of Ashenzari.
  5637 | D:6      | Found a glowing silver altar of Zin.
  5665 | D:6      | 5665 ||| Stepping ~*~*~tactically~*~*~ (stealth).
  6185 | D:6      | 6185 ||| UPGRADING to +4 ring of protection.
  6186 | D:6      | 6186 ||| READING 3 scrolls of identify.
  6186 | D:6      | 6186 ||| IDENTIFYING purple potion
  6187 | D:6      | 6187 ||| DROPPING potion of berserk rage.
  6232 | D:7      | 6232 ||| STAIRDANCE
  6244 | D:7      | 6244 ||| STAIRDANCE
  6256 | D:6      | Reached skill level 8 in Axes
  6275 | D:6      | Reached skill level 6 in Fighting
  6369 | D:6      | 6369 ||| UPGRADING to +0 plate armour.
  6379 | D:6      | 6379 ||| DROPPING +0 chain mail.
  6380 | D:6      | 6380 ||| DROPPING +1 ring mail of cold resistance.
  6384 | D:7      | 6384 ||| STAIRDANCE
  6431 | D:7      | 6431 ||| STAIRDANCE
  6445 | D:6      | Reached skill level 6 in Armour
  6565 | D:7      | 6565 ||| STAIRDANCE
  6570 | D:6      | Reached XP level 9. HP: 47/55 MP: 9/9
  6600 | D:6      | 6600 ||| SWAPPING to +3 war axe.
  6601 | D:6      | 6601 ||| DROPPING +0 war axe.
  6633 | D:7      | 6633 ||| Stepping ~*~*~tactically~*~*~ (stealth).
  6637 | D:7      | 6637 ||| Stepping ~*~*~tactically~*~*~ (hiding).
  6714 | D:7      | 6714 ||| Stepping ~*~*~tactically~*~*~ (stealth).
  6747 | D:7      | Reached skill level 9 in Axes
  6765 | D:7      | Found Suulyl's Self-Improvement Boutique.
  6790 | D:7      | 6790 ||| READING 3 scrolls labelled LYCWOL YTUETHRA.
  6795 | D:7      | Noticed Duvessa
  6796 | D:7      | Noticed Dowan
  6807 | D:7      | Killed Dowan
  6813 | D:7      | Killed Duvessa
  6985 | D:7      | Noticed Maggie
  7003 | D:7      | Killed Maggie
  7124 | D:7      | Reached skill level 10 in Axes
  7730 | D:7      | 7730 ||| UPGRADING to +0 kite shield.
  7740 | D:7      | 7740 ||| DROPPING +0 buckler.
  7741 | D:7      | 7741 ||| READING scroll labelled QEIRUCI HEKH.
  7742 | D:7      | 7742 ||| READING 3 scrolls of identify.
  7742 | D:7      | 7742 ||| IDENTIFYING smoky inky potion
  7743 | D:7      | 7743 ||| READING 2 scrolls of identify.
  7743 | D:7      | 7743 ||| IDENTIFYING bubbling ruby potion
  7744 | D:7      | 7744 ||| DROPPING 2 scrolls of blinking.
  7820 | D:8      | Reached XP level 10. HP: 59/63 MP: 10/10
  7855 | D:8      | Reached skill level 6 in Shields
  7977 | D:8      | 7977 ||| DROPPING +2 vampiric whip.
  8054 | D:8      | 8054 ||| Stepping ~*~*~tactically~*~*~ (stealth).
  8056 | D:8      | 8056 ||| STAIRDANCE
  8062 | D:7      | 8062 ||| READING scroll labelled ROTZUS IKLIL.
  8299 | D:8      | Reached skill level 1 in Throwing
  8327 | D:8      | Found a flagged portal.
  8475 | D:8      | 8475 ||| READING scroll labelled KUOSTR PINOFO.
  8476 | D:8      | 8476 ||| READING scroll labelled PEG SUDIWKAA.
  8680 | D:9      | Noticed a two-headed ogre
  8685 | D:9      | Killed a two-headed ogre
  8828 | D:9      | 8828 ||| Stepping ~*~*~tactically~*~*~ (stealth).
  8831 | D:9      | 8831 ||| Stepping ~*~*~tactically~*~*~ (stealth).
  8834 | D:9      | 8834 ||| Stepping ~*~*~tactically~*~*~ (stealth).
  8836 | D:9      | 8836 ||| Stepping ~*~*~tactically~*~*~ (stealth).
  8841 | D:9      | 8841 ||| Stepping ~*~*~tactically~*~*~ (stealth).
  8906 | D:9      | 8906 ||| Stepping ~*~*~tactically~*~*~ (hiding).
  8908 | D:9      | 8908 ||| Stepping ~*~*~tactically~*~*~ (hiding).
  8909 | D:9      | 8909 ||| Stepping ~*~*~tactically~*~*~ (hiding).
  8934 | D:9      | Found an iron altar of Okawaru.
  8935 | D:9      | 8935 ||| PLANNING OKAWARU WORSHIP
  8935 | D:9      | 8935 ||| UPGRADING to +6 ring of dexterity.
  8937 | D:9      | 8937 ||| DROPPING +6 ring of intelligence.
  8943 | D:9      | Became a worshipper of Warmaster Okawaru
  8944 | D:9      | 8944 ||| PLANNING D:1-11
  9155 | D:10     | Entered Level 10 of the Dungeon
  9167 | D:10     | 9167 ||| STAIRDANCE
  9235 | D:10     | 9235 ||| DRINKING potion of curing.
  9235 | D:10     | 9235 ||| (to cure confusion)
  9237 | D:10     | Reached skill level 9 in Shields
  9240 | D:10     | 9240 ||| Stepping ~*~*~tactically~*~*~ (hiding).
  9497 | D:10     | 9497 ||| Stepping ~*~*~tactically~*~*~ (hiding).
  9506 | D:10     | 9506 ||| Stepping ~*~*~tactically~*~*~ (cloud).
  9546 | D:10     | 9546 ||| FLEEEEING.
  9600 | D:10     | 9600 ||| Stepping ~*~*~tactically~*~*~ (stealth).
  9602 | D:10     | 9602 ||| Stepping ~*~*~tactically~*~*~ (hiding).
  9610 | D:10     | Reached * piety under Okawaru
  9659 | D:10     | Killed an unseen horror
  9660 | D:10     | Reached skill level 1 in Invocations
  9820 | D:10     | 9820 ||| Stepping ~*~*~tactically~*~*~ (stealth).
  9824 | D:10     | 9824 ||| INVOKING Heroism.
  9837 | D:10     | Reached XP level 11. HP: 50/68 MP: 10/12
 10027 | D:10     | 10027 ||| UPGRADING to +6 ring of strength.
 10029 | D:10     | 10029 ||| DROPPING +6 ring of dexterity.
 10030 | D:10     | 10030 ||| READING scroll labelled BAOM ETUOCVOA.
 10031 | D:10     | 10031 ||| READING 6 scrolls of identify.
 10031 | D:10     | 10031 ||| IDENTIFYING fizzy ruby potion
 10060 | D:11     | Reached skill level 3 in Invocations
 10062 | D:11     | 10062 ||| INVOKING Heroism.
 10096 | D:11     | 10096 ||| FLEEEEING.
 10097 | D:11     | 10097 ||| FLEEEEING.
 10098 | D:11     | 10098 ||| FLEEEEING.
 10102 | D:11     | 10102 ||| STAIRDANCE
 10209 | D:11     | 10209 ||| READING scroll of enchant armour.
 10209 | D:11     | 10209 ||| ENCHANTING +0 pair of gloves.
 10275 | D:11     | 10275 ||| INVOKING Heroism.
 10357 | D:11     | Found a staircase to the Orcish Mines.
 10358 | D:11     | 10358 ||| Stepping ~*~*~tactically~*~*~ (hiding).
 10361 | D:11     | 10361 ||| INVOKING Heroism.
 10515 | D:11     | 10515 ||| Stepping ~*~*~tactically~*~*~ (stealth).
 10516 | D:11     | 10516 ||| Stepping ~*~*~tactically~*~*~ (stealth).
 10517 | D:11     | 10517 ||| INVOKING Heroism.
 10523 | D:11     | Reached ** piety under Okawaru
 10739 | D:11     | 10739 ||| Stepping ~*~*~tactically~*~*~ (stealth).
 10787 | D:11     | Noticed a boulder beetle
 10787 | D:11     | Noticed a rakshasa
 10787 | D:11     | Noticed a deep elf pyromancer
 10787 | D:11     | Noticed a faun
 10788 | D:11     | Noticed an orc knight
 10788 | D:11     | Noticed a four-headed hydra
 10788 | D:11     | Noticed a purple ugly thing
 10788 | D:11     | Noticed a manticore
 10861 | D:11     | Noticed a death drake
 10861 | D:11     | Noticed a glowing orange brain
 10920 | D:11     | Found a staircase to the Lair.
 10921 | D:11     | 10921 ||| INVOKING Heroism.
 11099 | D:11     | 11099 ||| PLANNING LAIR
 11099 | D:11     | 11099 ||| UPGRADING to amulet of regeneration.
 11104 | D:11     | 11104 ||| READING 6 scrolls of identify.
 11104 | D:11     | 11104 ||| IDENTIFYING murky ruby potion
 11105 | D:11     | 11105 ||| DROPPING potion of brilliance.
 11144 | Lair:1   | Entered Level 1 of the Lair of Beasts
 11146 | Lair:1   | Noticed a boulder beetle
 11147 | Lair:1   | 11147 ||| INVOKING Heroism.
 11156 | Lair:1   | Reached skill level 11 in Axes
 11162 | Lair:1   | 11162 ||| INVOKING Heroism.
 11176 | Lair:1   | Killed a boulder beetle
 11176 | Lair:1   | Reached *** piety under Okawaru
 11265 | Lair:1   | 11265 ||| INVOKING Heroism.
 11347 | Lair:1   | 11347 ||| INVOKING Heroism.
 11403 | Lair:1   | 11403 ||| Stepping ~*~*~tactically~*~*~ (hiding).
 11405 | Lair:1   | 11405 ||| Stepping ~*~*~tactically~*~*~ (hiding).
 11552 | Lair:1   | Reached skill level 9 in Fighting
 11557 | Lair:1   | 11557 ||| INVOKING Heroism.
 11569 | Lair:1   | Reached **** piety under Okawaru
 11597 | Lair:1   | 11597 ||| INVOKING Heroism.
 11849 | Lair:2   | 11849 ||| INVOKING Heroism.
 11862 | Lair:2   | Reached XP level 12. HP: 74/76 MP: 13/15
 11903 | Lair:2   | 11903 ||| INVOKING Heroism.
 11972 | Lair:2   | 11972 ||| Stepping ~*~*~tactically~*~*~ (stealth).
 11973 | Lair:2   | 11973 ||| Stepping ~*~*~tactically~*~*~ (stealth).
 12008 | Lair:2   | Found a staircase to the Snake Pit.
 12084 | Lair:2   | Found a runed translucent door.
 12122 | Lair:2   | Noticed a six-headed hydra
 12123 | Lair:2   | 12123 ||| INVOKING Heroism.
 12126 | Lair:2   | 12126 ||| SWAPPING to +0 morningstar.
 12130 | Lair:2   | Killed a six-headed hydra
 12131 | Lair:2   | 12131 ||| SWAPPING to +3 vorpal war axe.
 12135 | Lair:2   | 12135 ||| Stepping ~*~*~tactically~*~*~ (stealth).
 12144 | Lair:2   | Reached skill level 12 in Axes
 12144 | Lair:2   | Reached skill level 6 in Invocations
 12145 | Lair:2   | Noticed Nergalle
 12146 | Lair:2   | 12146 ||| INVOKING Heroism.
 12160 | Lair:2   | Killed Nergalle
 12172 | Lair:2   | Noticed a six-headed hydra
 12174 | Lair:2   | 12174 ||| SWAPPING to +0 morningstar.
 12177 | Lair:2   | 12177 ||| INVOKING Heroism.
 12185 | Lair:2   | Killed a six-headed hydra
 12185 | Lair:2   | Reached ***** piety under Okawaru
 12186 | Lair:2   | 12186 ||| SWAPPING to +3 vorpal war axe.
 12227 | Lair:2   | 12227 ||| Stepping ~*~*~tactically~*~*~ (stealth).
 12228 | Lair:2   | 12228 ||| Stepping ~*~*~tactically~*~*~ (stealth).
 12229 | Lair:2   | 12229 ||| Stepping ~*~*~tactically~*~*~ (stealth).
 12232 | Lair:2   | 12232 ||| Stepping ~*~*~tactically~*~*~ (stealth).
 12237 | Lair:2   | 12237 ||| INVOKING Heroism.
 12256 | Lair:2   | Reached skill level 9 in Armour
 12260 | Lair:2   | 12260 ||| Stepping ~*~*~tactically~*~*~ (stealth).
 12458 | Lair:2   | Received a gift from Okawaru
 12477 | Lair:2   | Noticed qw's ghost (journeyman GrFi)
 12580 | Lair:2   | 12580 ||| Stepping ~*~*~tactically~*~*~ (stealth).
 12581 | Lair:2   | 12581 ||| Stepping ~*~*~tactically~*~*~ (stealth).
 12582 | Lair:2   | 12582 ||| Stepping ~*~*~tactically~*~*~ (stealth).
 12688 | Lair:2   | 12688 ||| Stepping ~*~*~tactically~*~*~ (stealth).
 12693 | Lair:2   | 12693 ||| Stepping ~*~*~tactically~*~*~ (stealth).
 12725 | Lair:2   | Found a staircase to the Shoals.
 12882 | Lair:2   | 12882 ||| DROPPING amulet of the acrobat.
 12883 | Lair:2   | 12883 ||| READING 5 scrolls of identify.
 12883 | Lair:2   | 12883 ||| IDENTIFYING inky potion
 12914 | Lair:3   | 12914 ||| INVOKING Heroism.
 12916 | Lair:3   | 12916 ||| STAIRDANCE
 12988 | Lair:3   | 12988 ||| INVOKING Heroism.
 12995 | Lair:3   | Identified the +2 pair of gloves of the Arcane {rPois}
                  | (Okawaru gifted it to you on level 3 of the Lair of Beasts)
 12995 | Lair:3   | Received a gift from Okawaru
 13040 | Lair:3   | Noticed a death yak
 13040 | Lair:3   | Noticed a death yak
 13041 | Lair:3   | 13041 ||| INVOKING Heroism.
 13041 | Lair:3   | Noticed a death yak
 13042 | Lair:3   | 13042 ||| INVOKING Finesse.
 13042 | Lair:3   | Noticed a death yak
 13043 | Lair:3   | Noticed a death yak
 13044 | Lair:3   | Noticed a death yak
 13054 | Lair:3   | Killed a death yak
 13055 | Lair:3   | Reached skill level 9 in Invocations
 13057 | Lair:3   | Killed a death yak
 13061 | Lair:3   | Killed a death yak
 13062 | Lair:3   | Reached XP level 13. HP: 75/82 MP: 12/20
 13140 | Lair:3   | 13140 ||| INVOKING Heroism.
 13141 | Lair:3   | 13141 ||| INVOKING Finesse.
 13280 | Lair:3   | 13280 ||| INVOKING Heroism.
 13333 | Lair:3   | 13333 ||| INVOKING Heroism.
 13384 | Lair:3   | 13384 ||| READING scroll of brand weapon.
 13384 | Lair:3   | 13384 ||| BRANDING +3 vorpal war axe.
 13429 | Lair:3   | 13429 ||| INVOKING Heroism.
 13744 | Lair:3   | 13744 ||| INVOKING Heroism.
 14050 | Lair:3   | 14050 ||| UPGRADING to +2 pair of gloves of the Arcane
                  | {rPois}.
 14060 | Lair:3   | 14060 ||| DROPPING +1 pair of gloves.
 14061 | Lair:3   | 14061 ||| UPGRADING to +0 pair of boots.
 14066 | Lair:3   | 14066 ||| DROPPING ring of magical power.
 14100 | Lair:4   | 14100 ||| STAIRDANCE
 14118 | Lair:4   | 14118 ||| STAIRDANCE
 14182 | Lair:4   | Reached skill level 13 in Axes
 14186 | Lair:4   | 14186 ||| Stepping ~*~*~tactically~*~*~ (stealth).
 14190 | Lair:4   | 14190 ||| Stepping ~*~*~tactically~*~*~ (stealth).
 14195 | Lair:4   | 14195 ||| Stepping ~*~*~tactically~*~*~ (stealth).
 14198 | Lair:4   | 14198 ||| INVOKING Heroism.
 14202 | Lair:4   | Received a gift from Okawaru
 14275 | Lair:4   | 14275 ||| Stepping ~*~*~tactically~*~*~ (stealth).
 14277 | Lair:4   | 14277 ||| Stepping ~*~*~tactically~*~*~ (stealth).
 14281 | Lair:4   | 14281 ||| Stepping ~*~*~tactically~*~*~ (stealth).
 14283 | Lair:4   | 14283 ||| INVOKING Heroism.
 14284 | Lair:4   | 14284 ||| INVOKING Finesse.
 14368 | Lair:4   | 14368 ||| Stepping ~*~*~tactically~*~*~ (stealth).
 14371 | Lair:4   | 14371 ||| Stepping ~*~*~tactically~*~*~ (stealth).
 14372 | Lair:4   | 14372 ||| Stepping ~*~*~tactically~*~*~ (stealth).
 14375 | Lair:4   | 14375 ||| Stepping ~*~*~tactically~*~*~ (stealth).
 14377 | Lair:4   | 14377 ||| Stepping ~*~*~tactically~*~*~ (stealth).
 14381 | Lair:4   | 14381 ||| Stepping ~*~*~tactically~*~*~ (stealth).
 14466 | Lair:4   | 14466 ||| INVOKING Heroism.
 14504 | Lair:4   | 14504 ||| INVOKING Heroism.
 14506 | Lair:4   | 14506 ||| Stepping ~*~*~tactically~*~*~ (stealth).
 14568 | Lair:4   | 14568 ||| Stepping ~*~*~tactically~*~*~ (stealth).
 14570 | Lair:4   | 14570 ||| Stepping ~*~*~tactically~*~*~ (stealth).
 14572 | Lair:4   | 14572 ||| INVOKING Heroism.
 14573 | Lair:4   | Noticed Sonja
 14574 | Lair:4   | 14574 ||| INVOKING Finesse.
 14591 | Abyss:1  | Cast into level 1 of the Abyss (Sonja)
 14592 | Abyss:1  | 14592 ||| DROPPING ring of willpower.
 14649 | Abyss:1  | 14649 ||| Stepping ~*~*~tactically~*~*~ (stealth).
 14650 | Abyss:1  | 14650 ||| INVOKING Heroism.
 14652 | Abyss:1  | 14652 ||| Stepping ~*~*~tactically~*~*~ (stealth).
 14682 | Abyss:1  | 14682 ||| Stepping ~*~*~tactically~*~*~ (hiding).
 14700 | Abyss:1  | 14700 ||| Stepping ~*~*~tactically~*~*~ (stealth).
 14705 | Abyss:1  | Noticed an eidolon
 14711 | Abyss:1  | Reached skill level 14 in Axes
 14719 | Abyss:1  | Killed an eidolon
 14743 | Abyss:1  | 14743 ||| Stepping ~*~*~tactically~*~*~ (stealth).
 14753 | Abyss:1  | 14753 ||| Stepping ~*~*~tactically~*~*~ (stealth).
 14756 | Abyss:1  | 14756 ||| Stepping ~*~*~tactically~*~*~ (stealth).
 14757 | Abyss:1  | 14757 ||| Stepping ~*~*~tactically~*~*~ (stealth).
 14765 | Abyss:1  | 14765 ||| INVOKING Heroism.
 14771 | Abyss:1  | Gained mutation: Your large and strong wings let you fly.
                  | [Gargoyle growth]
 14771 | Abyss:1  | Reached XP level 14. HP: 57/88 MP: 18/21
 14810 | Abyss:1  | 14810 ||| Stepping ~*~*~tactically~*~*~ (stealth).
 14813 | Abyss:1  | Received a gift from Okawaru
 14816 | Abyss:1  | 14816 ||| Stepping ~*~*~tactically~*~*~ (stealth).
 14847 | Abyss:1  | Noticed a starcursed mass
 14850 | Abyss:1  | 14850 ||| INVOKING Heroism.
 14864 | Abyss:1  | HP: 17/90 [starcursed mass/accursed screaming (12)]
 14865 | Abyss:1  | 14865 ||| READING 7 scrolls of teleportation.
 14871 | Abyss:1  | 14871 ||| Stepping ~*~*~tactically~*~*~ (stealth).
 14871 | Abyss:1  | HP: 12/90 [starcursed mass/accursed screaming (6)]
 14875 | Abyss:1  | Noticed a deep elf sorcerer
 14932 | Abyss:1  | 14932 ||| INVOKING Heroism.
 14976 | Abyss:1  | 14976 ||| Stepping ~*~*~tactically~*~*~ (stealth).
 14978 | Abyss:1  | 14978 ||| Stepping ~*~*~tactically~*~*~ (stealth).
 15068 | Abyss:1  | 15068 ||| Stepping ~*~*~tactically~*~*~ (stealth).
 15129 | Abyss:1  | Reached skill level 12 in Shields
 15138 | Abyss:1  | 15138 ||| Stepping ~*~*~tactically~*~*~ (stealth).
 15152 | Abyss:1  | 15152 ||| Stepping ~*~*~tactically~*~*~ (stealth).
 15175 | Abyss:1  | 15175 ||| Stepping ~*~*~tactically~*~*~ (stealth).
 15237 | Abyss:1  | Noticed a yellow draconian annihilator
 15238 | Abyss:1  | 15238 ||| Stepping ~*~*~tactically~*~*~ (stealth).
 15242 | Abyss:1  | 15242 ||| Stepping ~*~*~tactically~*~*~ (stealth).
 15247 | Abyss:1  | 15247 ||| Stepping ~*~*~tactically~*~*~ (hiding).
 15250 | Abyss:1  | 15250 ||| Stepping ~*~*~tactically~*~*~ (hiding).
 15254 | Abyss:1  | 15254 ||| INVOKING Heroism.
 15261 | Abyss:1  | Killed a yellow draconian annihilator
 15282 | Abyss:1  | HP: 14/90 [deep elf sorcerer/bolt of acid (48)]
 15283 | Abyss:1  | 15283 ||| READING 6 scrolls of teleportation.
 15283 | Abyss:1  | Killed from afar by a deep elf sorcerer

Levels and vault maps discovered:
D:1:      dpeg_arrival_ratfight, layout_basic, serial_corexii_hall,
          corexii_hall_statues_i, corexii_hall_statues_i,
          ebering_ecumenical_altar_box
D:2:      layout_loops_ring, minmay_vboxes
D:3:      layout_basic
D:4:      minmay_chambers_of_twos, layout_basic, minmay_temple_entry_overgrown
D:5:      layout_basic
D:6:      layout_layer_cave, minitemple, kennysheep_generic_room_9
D:7:      layout_cave_pods, st_stairs_1, nicolae_shop_self_help, uniq_duvessa,
          uniq_maggie
D:8:      layout_basic, enter_bailey_5, minmay_hedge_maze
D:9:      layout_small_grid, okawaru_ov_weapons_minmay
D:10:     layout_cross
D:11:     layout_irregular_city, grunt_lair_entry_orc_guard_hut, david_orc_2,
          serial_rivers, chequers_serial_rivers_large_a,
          chequers_serial_rivers_large_b, chequers_serial_rivers_small_b,
          chequers_serial_rivers_micro_c, chequers_serial_rivers_room_b,
          minivault_12
Temple:   hellmonk_temple_two_chambers
Lair:1:   layout_cave_shapes
Lair:2:   layout_gridlike, minmay_shoals_entry_lonely_mermaid,
          minmay_snake_entry_six_corridors, ebering_ghost_reflecting_pool,
          grunt_forest_stairs_clearing, uniq_nergalle
Lair:3:   layout_cave_shapes, chequers_serial_rivers_small_b
Lair:4:   layout_regular_city, nicolae_slime_entry_slimehenge,
          serial_bayou_shore_a, lemuel_fruit_fields, lemuel_fruit_tree,
          uniq_sonja
Abyss:1:  base:
Bailey

Skill      XL: |  1  2  3  4  5  6  7  8  9 10 11 12 13 14 |
---------------+-------------------------------------------+-----
Axes           | 2 3 5 6 7 8 10 11 12 14 | 14.0
Fighting       | 4 5 6 7 8 9 10 11 | 11.0
Dodging        | 1 2 |  2.0
Armour         | 6 7 8 9 10 | 10.8
Shields        | 5 9 10 11 12 | 12.0
Throwing       | 1 |  1.4
Invocations    | 2 4 9 10 | 10.1

Action                   |  1- 3 |  4- 6 |  7- 9 | 10-12 | 13-15 || total
-------------------------+-------+-------+-------+-------+-------++-------
Melee: War axe           |   102 |   158 |   349 |   508 |   369 ||  1486
       Unarmed           |       |       |     7 |       |       ||     7
       Morningstar       |       |       |       |    11 |       ||    11
Throw: Boomerang         |       |       |       |    97 |       ||    97
Invok: Heroism           |       |       |       |    21 |    15 ||    36
       Finesse           |       |       |       |     1 |     3 ||     4
  Use: Scroll            |     4 |     5 |    13 |     8 |     3 ||    33
       Potion            |       |       |       |     1 |       ||     1
Armor: Scale mail        |    51 |    79 |    26 |       |       ||   156
       Chain mail        |       |       |   106 |       |       ||   106
       Plate armour      |       |       |   149 |   377 |   160 ||   686
Dodge: Dodged            |    41 |    58 |   138 |   178 |    67 ||   482
Block: Buckler           |    21 |    23 |    77 |       |       ||   121
       Kite shield       |       |       |    10 |   366 |   131 ||   507

Table legend:
 A = Non-vault XP
 B = Vault XP
 C = Vault XP percentage of total XP
 D = Non-vault monster count
 E = Vault monster count
 F = Vault count percentage of total count
                 A         B        C        D         E       F
            +---------+---------+-------+---------+---------+-------
      Total |   56805 |    6423 |  10.2 |     343 |      59 |  14.7
            +---------+---------+-------+---------+---------+-------
        D:1 |      33 |       5 |  13.2 |      19 |       5 |  20.8
        D:2 |      58 |       6 |   9.4 |      12 |       4 |  25.0
        D:3 |      55 |       1 |   1.8 |      22 |       1 |   4.3
        D:4 |     330 |     233 |  41.4 |      17 |       8 |  32.0
        D:5 |     312 |       0 |   0.0 |      11 |       0 |   0.0
        D:6 |    1366 |      14 |   1.0 |      22 |       1 |   4.3
        D:7 |    1205 |     907 |  42.9 |      24 |       6 |  20.0
        D:8 |    1339 |       7 |   0.5 |      24 |       4 |  14.3
        D:9 |    1760 |       0 |   0.0 |      24 |       0 |   0.0
       D:10 |    1780 |       0 |   0.0 |      17 |       0 |   0.0
       D:11 |    1623 |    1044 |  39.1 |      11 |      12 |  52.2
     Lair:1 |    5997 |       0 |   0.0 |      20 |       0 |   0.0
     Lair:2 |    5092 |    4161 |  45.0 |      17 |      17 |  50.0
     Lair:3 |   12725 |       0 |   0.0 |      30 |       0 |   0.0
     Lair:4 |   10816 |      45 |   0.4 |      33 |       1 |   2.9
    Abyss:1 |   12314 |       0 |   0.0 |      40 |       0 |   0.0
            +---------+---------+-------+---------+---------+-------
